Workbook

Sheet Sheet1
A1: BEAUTIFY COMETICS MANUFACTURING
A2: This company will deal with manufacturing of nail polish for the beauty industry
A4: Month | B4: Year | C4: 2022 | D4: 2023 | E4: 2024 | H4: Keeping factors of production constant, one unit sells for: | N4: 10
A5: jan | C5: 5000 | D5: 17000 | E5: 45000 | H5: Projected Sales Collections
A6: feb | C6: 7000 | D6: 26000 | E6: 50000 | H6: Current Month | J6: 0.7
A7: mar | C7: 10000 | D7: 30000 | E7: 48000 | H7: Next Month | J7: 0.2
A8: apr | C8: 6000 | D8: 25000 | E8: 49000 | H8: Following Month | J8: 0.1
A9: may | C9: 14000 | D9: 15000 | E9: 44000
A10: jun | C10: 9000 | D10: 24000 | E10: 42000 | M10: 0.2 | N10: following month's sales
A11: jul | C11: 7000 | D11: 28000 | E11: 53000 | H11: The company will maintain direct material ending inventory of | L11: 0.1 | M11: of following months sales
A12: aug | C12: 10000 | D12: 33000 | E12: 51000 | H12: To produce Nail polish, the following is required:
A13: sep | C13: 4000 | D13: 35000 | E13: 55000 | H13: Labor cost is | I13: 10 | J13: per hour
A14: oct | C14: 13000 | D14: 41000 | E14: 60000 | H14: It takes roughly | I14: 0.3 | J14: hours to do a bottle
A15: nov | C15: 17000 | D15: 44000 | E15: 57000 | H15: Rent cost is fixed at | I15: 2000 | J15: per year
A16: dec | C16: 25000 | D16: 39000 | E16: 54000 | H16: Other expenses sum up to | J16: 30000 | K16: per year
A17: Total | C17: =SUM(C5:C16) -> 127000 | D17: =SUM(D5:D16) -> 357000 | E17: =SUM(E5:E16) -> 608000
H19: The company will maintain an ending inventory of
H20: Brush | I20: 0.03
H21: Polish Filler | I21: 1
H22: Chemicals per bottle | I22: 0.3
H23: Bottle Cost | I23: 0.4
A25: Profitability Ratio | C25: =SUM('Income Statement'!B5:D5)/'Sales Budget'!AL8 -> 0.827
A26: Profit Margin | C26: =SUM('Income Statement'!B15:D15)/SUM('Income Statement'!B3:D3) -> 0.41178022
A27: Return on Equity | C27: =SUM('Income Statement'!B15:D15)/AVERAGE('Balance Sheet'!H7,'Balance Sheet'!D7,'Balance Sheet'!L7) -> 2.491968
A29: Starting a business in the beauty sector has its risk and rewards. Despite it being heavily regulated due to its interaction with human health, having the right tools for the job will get you profits like never seen before. The industry is still growing and expected to reach $21060 million by 2027. Beauty cosmetics manufacturing will be completely self sufficient, fromproduction to sales of the nail polish and will have aprofitability ratio of 83%. This is because the cost of production of the product is relatively low and the main focus is appearances of the product and advertising.
A39: References
A40: Global nail polish market insight: 2021-2027: Estimated to reach USD 21060 million (growing at a CAGR of 8.5%): During Forecast Period. WBOC TV. (n.d.). Retrieved December 6, 2021, from https://www.wboc.com/story/44520151/global-nail-polish-market-insight-2021-2027-estimated-to-reach-usd-21060-million-growing-at-a-cagr-of-85-during-forecast-period.
A42: Kamboj, P. author B. A., Ajay Kamboj He is Pharma Entrepreneur having a Ayurvedic Start-up. He loves to share his experience and knowledge what he acquire during his professional life. He is full time blogger, Kamboj, A., He is Pharma Entrepreneur having a Ayurvedic Start-up. He loves to share his experience and knowledge what he acquire during his professional life. He is full time blogger, →, V. A., Pankajsays: Asrafsays: Agrawalsays:, S., Barhatesays:, S., Ridhikasays: Raisays:, J., Kingsleysays:, O., Singhsays:, J., Ajay Kambojsays: October 9 at 3:38 am Get a premises at own or rented in industrial area, Kambojsays:, A., Author, P., & Name. (n.d.). How to start a cosmetic manufacturing unit? Pharma Franchise Help. Retrieved December 6, 2021, from https://pharmafranchisehelp.com/start-cosmetic-manufacturing-company/.
A44: Virgin-Dev@inviqa.com. (2018, November 29). How to create realistic financial projections for your first year in business. Virgin Start Up Loans - Support and Advice to Start Your Own Business. Retrieved December 6, 2021, from https://www.virginstartup.org/how-to/how-create-realistic-financial-projections-your-first-year-business.

Sheet Sales Budget
A1: Beautify Cometics Manufacturing
A2: Sales Budget
A3: Year Ending December 31, 2024
B4: 2022 | N4: 2023 | Z4: 2024
B5: Jan | C5: Feb | D5: Mar | E5: Apr | F5: May | G5: Jun | H5: Jul | I5: Aug | J5: Sep | K5: Oct | L5: Nov | M5: Dec | N5: Jan | O5: Feb | P5: Mar | Q5: Apr | R5: May | S5: Jun | T5: Jul | U5: Aug | V5: Sep | W5: Oct | X5: Nov | Y5: Dec | Z5: Jan | AA5: Feb | AB5: Mar | AC5: Apr | AD5: May | AE5: Jun | AF5: Jul | AG5: Aug | AH5: Sep | AI5: Oct | AJ5: Nov | AK5: Dec | AL5: Total
A6: Budgeted Unit Sales | B6: =Sheet1!$C5 -> 5000 | C6: =Sheet1!$C6 -> 7000 | D6: =Sheet1!$C7 -> 10000 | E6: =Sheet1!$C8 -> 6000 | F6: =Sheet1!$C9 -> 14000 | G6: =Sheet1!$C10 -> 9000 | H6: =Sheet1!$C11 -> 7000 | I6: =Sheet1!$C12 -> 10000 | J6: =Sheet1!$C13 -> 4000 | K6: =Sheet1!$C14 -> 13000 | L6: =Sheet1!$C15 -> 17000 | M6: =Sheet1!$C16 -> 25000 | N6: =Sheet1!$D5 -> 17000 | O6: =Sheet1!$D6 -> 26000 | P6: =Sheet1!$D7 -> 30000 | Q6: =Sheet1!$D8 -> 25000 | R6: =Sheet1!$D9 -> 15000 | S6: =Sheet1!$D10 -> 24000 | T6: =Sheet1!$D11 -> 28000 | U6: =Sheet1!$D12 -> 33000 | V6: =Sheet1!$D13 -> 35000 | W6: =Sheet1!$D14 -> 41000 | X6: =Sheet1!$D15 -> 44000 | Y6: =Sheet1!$D16 -> 39000 | Z6: =Sheet1!$E5 -> 45000 | AA6: =Sheet1!$E6 -> 50000 | AB6: =Sheet1!$E7 -> 48000 | AC6: =Sheet1!$E8 -> 49000 | AD6: =Sheet1!$E9 -> 44000 | AE6: =Sheet1!$E10 -> 42000 | AF6: =Sheet1!$E11 -> 53000 | AG6: =Sheet1!$E12 -> 51000 | AH6: =Sheet1!$E13 -> 55000 | AI6: =Sheet1!$E14 -> 60000 | AJ6: =Sheet1!$E15 -> 57000 | AK6: =Sheet1!$E16 -> 54000 | AL6: =SUM(B6:AK6) -> 1092000
A7: Budgeted Selling Price | B7: =Sheet1!$N$4 -> 10 | C7: =Sheet1!$N$4 -> 10 | D7: =Sheet1!$N$4 -> 10 | E7: =Sheet1!$N$4 -> 10 | F7: =Sheet1!$N$4 -> 10 | G7: =Sheet1!$N$4 -> 10 | H7: =Sheet1!$N$4 -> 10 | I7: =Sheet1!$N$4 -> 10 | ... AL7: =Sheet1!$N$4 -> 10
A8: Budgeted Sales | B8: =B6*B7 -> 50000 | C8: =C6*C7 -> 70000 | D8: =D6*D7 -> 100000 | E8: =E6*E7 -> 60000 | F8: =F6*F7 -> 140000 | G8: =G6*G7 -> 90000 | H8: =H6*H7 -> 70000 | I8: =I6*I7 -> 100000 | ... AL8: =AL6*AL7 -> 10920000

Sheet Cash Collections
A1: Beautify Cometics Manufacturing
A2: Cash Collections Budget
A3: Year Ending December 31, 2024
A4: 2022 | M4: 2023 | Y4: 2024
A5: Jan | B5: Feb | C5: Mar | D5: Apr | E5: May | F5: Jun | G5: Jul | H5: Aug | I5: Sep | J5: Oct | K5: Nov | L5: Dec | M5: Jan | N5: Feb | O5: Mar | P5: Apr | Q5: May | R5: Jun | S5: Jul | T5: Aug | U5: Sep | V5: Oct | W5: Nov | X5: Dec | Y5: Jan | Z5: Feb | AA5: Mar | AB5: Apr | AC5: May | AD5: Jun | AE5: Jul | AF5: Aug | AG5: Sep | AH5: Oct | AI5: Nov | AJ5: Dec | AK5: Total
A6: ='Sales Budget'!B8*Sheet1!$J$6 -> 35000 | B6: ='Sales Budget'!C8*Sheet1!$J$6+Sheet1!$J$7*'Sales Budget'!B8 -> 59000 | C6: ='Sales Budget'!D8*Sheet1!$J$6+'Sales Budget'!C8*Sheet1!$J$7+Sheet1!$J$8*'Sales Budget'!B8 -> 89000 | D6: ='Sales Budget'!E8*Sheet1!$J$6+'Sales Budget'!D8*Sheet1!$J$7+Sheet1!$J$8*'Sales Budget'!C8 -> 69000 | E6: ='Sales Budget'!F8*Sheet1!$J$6+'Sales Budget'!E8*Sheet1!$J$7+Sheet1!$J$8*'Sales Budget'!D8 -> 120000 | F6: ='Sales Budget'!G8*Sheet1!$J$6+'Sales Budget'!F8*Sheet1!$J$7+Sheet1!$J$8*'Sales Budget'!E8 -> 97000 | G6: ='Sales Budget'!H8*Sheet1!$J$6+'Sales Budget'!G8*Sheet1!$J$7+Sheet1!$J$8*'Sales Budget'!F8 -> 81000 | H6: ='Sales Budget'!I8*Sheet1!$J$6+'Sales Budget'!H8*Sheet1!$J$7+Sheet1!$J$8*'Sales Budget'!G8 -> 93000 | I6: ='Sales Budget'!J8*Sheet1!$J$6+'Sales Budget'!I8*Sheet1!$J$7+Sheet1!$J$8*'Sales Budget'!H8 -> 55000 | J6: ='Sales Budget'!K8*Sheet1!$J$6+'Sales Budget'!J8*Sheet1!$J$7+Sheet1!$J$8*'Sales Budget'!I8 -> 109000 | ... AJ6: ='Sales Budget'!AK8*Sheet1!$J$6+'Sales Budget'!AJ8*Sheet1!$J$7+Sheet1!$J$8*'Sales Budget'!AI8 -> 552000 | AK6: =SUM(A6:AJ6) -> 10701000

Sheet Operations Budget
A1: Production Budget
B2: 2022 | N2: 2023 | Z2: 2024
B3: Jan | C3: Feb | D3: Mar | E3: Apr | F3: May | G3: Jun | H3: Jul | I3: Aug | J3: Sep | K3: Oct | L3: Nov | M3: Dec | N3: Jan | O3: Feb | P3: Mar | Q3: Apr | R3: May | S3: Jun | T3: Jul | U3: Aug | V3: Sep | W3: Oct | X3: Nov | Y3: Dec | Z3: Jan | AA3: Feb | AB3: Mar | AC3: Apr | AD3: May | AE3: Jun | AF3: Jul | AG3: Aug | AH3: Sep | AI3: Oct | AJ3: Nov | AK3: Dec | AL3: Total
A4: Budgeted Unit Sales | B4: ='Sales Budget'!B6 -> 5000 | C4: ='Sales Budget'!C6 -> 7000 | D4: ='Sales Budget'!D6 -> 10000 | E4: ='Sales Budget'!E6 -> 6000 | F4: ='Sales Budget'!F6 -> 14000 | G4: ='Sales Budget'!G6 -> 9000 | H4: ='Sales Budget'!H6 -> 7000 | I4: ='Sales Budget'!I6 -> 10000 | ... AK4: ='Sales Budget'!AK6 -> 54000 | AL4: =SUM(B4:AK4) -> 1092000
A5: Budgeted Ending Inventory | B5: =Sheet1!$M$10*'Operations Budget'!C4 -> 1400 | C5: =Sheet1!$M$10*'Operations Budget'!D4 -> 2000 | D5: =Sheet1!$M$10*'Operations Budget'!E4 -> 1200 | E5: =Sheet1!$M$10*'Operations Budget'!F4 -> 2800 | F5: =Sheet1!$M$10*'Operations Budget'!G4 -> 1800 | G5: =Sheet1!$M$10*'Operations Budget'!H4 -> 1400 | H5: =Sheet1!$M$10*'Operations Budget'!I4 -> 2000 | I5: =Sheet1!$M$10*'Operations Budget'!J4 -> 800 | ... AK5: =Sheet1!$M$10*'Operations Budget'!AL4 -> 218400
A6: Total Units | B6: =SUM(B4:B5) -> 6400 | C6: =SUM(C4:C5) -> 9000 | D6: =SUM(D4:D5) -> 11200 | E6: =SUM(E4:E5) -> 8800 | F6: =SUM(F4:F5) -> 15800 | G6: =SUM(G4:G5) -> 10400 | H6: =SUM(H4:H5) -> 9000 | I6: =SUM(I4:I5) -> 10800 | ... AK6: =SUM(AK4:AK5) -> 272400 | AL6: =SUM(B6:AK6) -> 1527800
A7: Less Beginning Inventory | B7: =-(Sheet1!$M$10*'Operations Budget'!B4) -> -1000 | C7: =-(Sheet1!$M$10*'Operations Budget'!C4) -> -1400 | D7: =-(Sheet1!$M$10*'Operations Budget'!D4) -> -2000 | E7: =-(Sheet1!$M$10*'Operations Budget'!E4) -> -1200 | F7: =-(Sheet1!$M$10*'Operations Budget'!F4) -> -2800 | G7: =-(Sheet1!$M$10*'Operations Budget'!G4) -> -1800 | H7: =-(Sheet1!$M$10*'Operations Budget'!H4) -> -1400 | I7: =-(Sheet1!$M$10*'Operations Budget'!I4) -> -2000 | ... AK7: =-(Sheet1!$M$10*'Operations Budget'!AK4) -> -10800
A8: Total Budgeted Inventory | B8: =SUM(B6:B7) -> 5400 | C8: =SUM(C6:C7) -> 7600 | D8: =SUM(D6:D7) -> 9200 | E8: =SUM(E6:E7) -> 7600 | F8: =SUM(F6:F7) -> 13000 | G8: =SUM(G6:G7) -> 8600 | H8: =SUM(H6:H7) -> 7600 | I8: =SUM(I6:I7) -> 8800 | ... AK8: =SUM(AK6:AK7) -> 261600 | AL8: =SUM(B8:AK8) -> 1309400
A10: Direct Material Budget
A11: Budgeted Units | B11: =B4 -> 5000 | C11: =C4 -> 7000 | D11: =D4 -> 10000 | E11: =E4 -> 6000 | F11: =F4 -> 14000 | G11: =G4 -> 9000 | H11: =H4 -> 7000 | I11: =I4 -> 10000 | ... AK11: =AK4 -> 54000 | AL11: =SUM(B11:AK11) -> 1092000
A12: Current Month Direct Material Required | B12: =B11*Sheet1!$I$20+Sheet1!$I$21*'Operations Budget'!B11+'Operations Budget'!B11*Sheet1!$I$22+Sheet1!$I$23*'Operations Budget'!B11 -> 8650 | C12: =C11*Sheet1!$I$20+Sheet1!$I$21*'Operations Budget'!C11+'Operations Budget'!C11*Sheet1!$I$22+Sheet1!$I$23*'Operations Budget'!C11 -> 12110 | D12: =D11*Sheet1!$I$20+Sheet1!$I$21*'Operations Budget'!D11+'Operations Budget'!D11*Sheet1!$I$22+Sheet1!$I$23*'Operations Budget'!D11 -> 17300 | E12: =E11*Sheet1!$I$20+Sheet1!$I$21*'Operations Budget'!E11+'Operations Budget'!E11*Sheet1!$I$22+Sheet1!$I$23*'Operations Budget'!E11 -> 10380 | F12: =F11*Sheet1!$I$20+Sheet1!$I$21*'Operations Budget'!F11+'Operations Budget'!F11*Sheet1!$I$22+Sheet1!$I$23*'Operations Budget'!F11 -> 24220 | G12: =G11*Sheet1!$I$20+Sheet1!$I$21*'Operations Budget'!G11+'Operations Budget'!G11*Sheet1!$I$22+Sheet1!$I$23*'Operations Budget'!G11 -> 15570 | H12: =H11*Sheet1!$I$20+Sheet1!$I$21*'Operations Budget'!H11+'Operations Budget'!H11*Sheet1!$I$22+Sheet1!$I$23*'Operations Budget'!H11 -> 12110 | I12: =I11*Sheet1!$I$20+Sheet1!$I$21*'Operations Budget'!I11+'Operations Budget'!I11*Sheet1!$I$22+Sheet1!$I$23*'Operations Budget'!I11 -> 17300 | ... AK12: =AK11*Sheet1!$I$20+Sheet1!$I$21*'Operations Budget'!AK11+'Operations Budget'!AK11*Sheet1!$I$22+Sheet1!$I$23*'Operations Budget'!AK11 -> 93420
A13: Ending Inventory Direct Material Required | B13: =C12*Sheet1!$L$11 -> 1211 | C13: =D12*Sheet1!$L$11 -> 1730 | D13: =E12*Sheet1!$L$11 -> 1038 | E13: =F12*Sheet1!$L$11 -> 2422 | F13: =G12*Sheet1!$L$11 -> 1557 | G13: =H12*Sheet1!$L$11 -> 1211 | H13: =I12*Sheet1!$L$11 -> 1730 | I13: =J12*Sheet1!$L$11 -> 692 | ... AK13: =AL12*Sheet1!$L$11 -> 0 | AL13: =SUM(B13:AK13) -> 188051
A14: Less Beginning Direct Material Inventory | B14: 0 | C14: =B13 -> 1211 | D14: =C13 -> 1730 | E14: =D13 -> 1038 | F14: =E13 -> 2422 | G14: =F13 -> 1557 | H14: =G13 -> 1211 | I14: =H13 -> 1730 | J14: =I13 -> 692 | ... AK14: =AJ13 -> 9342
A15: Direct Material purchases | B15: =B12+B13-B14 -> 9861 | C15: =C12+C13-C14 -> 12629 | D15: =D12+D13-D14 -> 16608 | E15: =E12+E13-E14 -> 11764 | F15: =F12+F13-F14 -> 23355 | G15: =G12+G13-G14 -> 15224 | H15: =H12+H13-H14 -> 12629 | I15: =I12+I13-I14 -> 16262 | ... AK15: =AK12+AK13-AK14 -> 84078 | AL15: =SUM(B15:AK15) -> 1889160
A18: Direct Labor Budget
A19: Budgeted Production | B19: =B8 -> 5400 | C19: =C8 -> 7600 | D19: =D8 -> 9200 | E19: =E8 -> 7600 | F19: =F8 -> 13000 | G19: =G8 -> 8600 | H19: =H8 -> 7600 | I19: =I8 -> 8800 | ... AK19: =AK8 -> 261600 | AL19: =SUM(B19:AK19) -> 1309400
A20: Labor hours per unit | B20: =Sheet1!$I$14 -> 0.3 | C20: =Sheet1!$I$14 -> 0.3 | D20: =Sheet1!$I$14 -> 0.3 | E20: =Sheet1!$I$14 -> 0.3 | F20: =Sheet1!$I$14 -> 0.3 | G20: =Sheet1!$I$14 -> 0.3 | H20: =Sheet1!$I$14 -> 0.3 | I20: =Sheet1!$I$14 -> 0.3 | ... AK20: =Sheet1!$I$14 -> 0.3
A21: Total labor hours | B21: =B19*B20 -> 1620 | C21: =C19*C20 -> 2280 | D21: =D19*D20 -> 2760 | E21: =E19*E20 -> 2280 | F21: =F19*F20 -> 3900 | G21: =G19*G20 -> 2580 | H21: =H19*H20 -> 2280 | I21: =I19*I20 -> 2640 | ... AK21: =AK19*AK20 -> 78480 | AL21: =SUM(B21:AK21) -> 392820
A22: Budgeted Labor Rate | B22: =Sheet1!$I$13 -> 10 | C22: =Sheet1!$I$13 -> 10 | D22: =Sheet1!$I$13 -> 10 | E22: =Sheet1!$I$13 -> 10 | F22: =Sheet1!$I$13 -> 10 | G22: =Sheet1!$I$13 -> 10 | H22: =Sheet1!$I$13 -> 10 | I22: =Sheet1!$I$13 -> 10 | ... AK22: =Sheet1!$I$13 -> 10
A23: Total Budgeted Labor | B23: =B22*B21 -> 16200 | C23: =C22*C21 -> 22800 | D23: =D22*D21 -> 27600 | E23: =E22*E21 -> 22800 | F23: =F22*F21 -> 39000 | G23: =G22*G21 -> 25800 | H23: =H22*H21 -> 22800 | I23: =I22*I21 -> 26400 | ... AK23: =AK22*AK21 -> 784800 | AL23: =SUM(B23:AK23) -> 3928200
A26: Operating Budget
A27: Particulars | B27: 2022 | C27: 2023 | D27: 2024
A28: Revenue | B28: =SUM('Sales Budget'!B8:M8) -> 1270000 | C28: =SUM('Sales Budget'!N8:Y8) -> 3570000 | D28: =SUM('Sales Budget'!Z8:AK8) -> 6080000
A30: COGS | B30: =SUM(B15:M15) -> 222651 | C30: =SUM(N15:Y15) -> 622454 | D30: =SUM(Z15:AK15) -> 1044055
A31: Labor costs | B31: =SUM(B23:M23) -> 388200 | C31: =SUM(N23:Y23) -> 1087800 | D31: =SUM(Z23:AK23) -> 2452200
A32: Rent Costs | B32: =Sheet1!$I$15 -> 2000 | C32: =Sheet1!$I$15 -> 2000 | D32: =Sheet1!$I$15 -> 2000
A33: Supplies | B33: 20000 | C33: 30000 | D33: 40000
A34: Advertising | B34: 150000 | C34: 300000 | D34: 550000
A35: Other Expenses | B35: =Sheet1!$J$16 -> 30000 | C35: =Sheet1!$J$16 -> 30000 | D35: =Sheet1!$J$16 -> 30000
A36: Total Expenses | B36: =SUM(B30:B35) -> 812851 | C36: =SUM(C30:C35) -> 2072254 | D36: =SUM(D30:D35) -> 4118255
A38: Net Profits | B38: =B28-B36 -> 457149 | C38: =C28-C36 -> 1497746 | D38: =D28-D36 -> 1961745

Sheet Income Statement
A1: Income Statement
B2: 2022 | C2: 2023 | D2: 2024
A3: Sales | B3: ='Operations Budget'!B28 -> 1270000 | C3: ='Operations Budget'!C28 -> 3570000 | D3: ='Operations Budget'!D28 -> 6080000
A4: COGS | B4: ='Operations Budget'!B30 -> 222651 | C4: ='Operations Budget'!C30 -> 622454 | D4: ='Operations Budget'!D30 -> 1044055
A5: GrossProfit | B5: =B3-B4 -> 1047349 | C5: =C3-C4 -> 2947546 | D5: =D3-D4 -> 5035945
A7: Operating Expenses
A8: Labor Costs | B8: ='Operations Budget'!B31 -> 388200 | C8: ='Operations Budget'!C31 -> 1087800 | D8: ='Operations Budget'!D31 -> 2452200
A9: ='Operations Budget'!A32 -> Rent Costs | B9: =Sheet1!$I$15 -> 2000 | C9: =Sheet1!$I$15 -> 2000 | D9: =Sheet1!$I$15 -> 2000
A10: ='Operations Budget'!A33 -> Supplies | B10: 20000 | C10: 20000 | D10: 20000
A11: ='Operations Budget'!A34 -> Advertising | B11: 150000 | C11: 150000 | D11: 150000
A12: ='Operations Budget'!A35 -> Other Expenses | B12: =Sheet1!$J$16 -> 30000 | C12: =Sheet1!$J$16 -> 30000 | D12: =Sheet1!$J$16 -> 30000
A13: ='Operations Budget'!A36 -> Total Expenses | B13: =SUM(B8:B12) -> 590200 | C13: =SUM(C8:C12) -> 1289800 | D13: =SUM(D8:D12) -> 2654200
A15: Net Profit | B15: =B5-B13 -> 457149 | C15: =C5-C13 -> 1657746 | D15: =D5-D13 -> 2381745

Sheet Balance Sheet
A1: BEAUTIFY COMETICS MANUFACTURING
A2: Balance Sheet
A3: As at 31 Dec 2022 | E3: As at 31 Dec 2023 | I3: As at 31 Dec 2024
A4: Assets | C4: Liabilities | E4: Assets | G4: Liabilities | I4: Assets | K4: Liabilities
A5: Cash | B5: =SUM('Cash Collections'!A6:L6) -> 1178000 | C5: Accounts Payable | D5: ='Income Statement'!B4 -> 222651 | F5: =SUM('Cash Collections'!M6:X6) -> 3501000 | H5: ='Income Statement'!C4 -> 622454 | J5: =SUM('Cash Collections'!Y6:AJ6) -> 6022000 | L5: ='Income Statement'!D4 -> 1044055
A6: Accounts Receivable | B6: ='Cash Collections'!L6*(1-Sheet1!$J$6)+'Cash Collections'!K6*(1-Sheet1!$J$7)+'Cash Collections'!J6*(1-Sheet1!$J$8) -> 283900 | C6: Expenses payable | D6: ='Income Statement'!B8+'Income Statement'!B9+'Income Statement'!B10+'Income Statement'!B11+'Income Statement'!B12 -> 590200 | F6: ='Cash Collections'!X6*(1-Sheet1!$J$6)+'Cash Collections'!W6*(1-Sheet1!$J$7)+'Cash Collections'!V6*(1-Sheet1!$J$8) -> 811600 | H6: =SUM('Income Statement'!C8:C12) -> 1289800 | J6: ='Cash Collections'!AJ6*(1-Sheet1!$J$6)+'Cash Collections'!AI6*(1-Sheet1!$J$7)+'Cash Collections'!AH6*(1-Sheet1!$J$8) -> 1147700 | L6: =SUM('Income Statement'!D8:D12) -> 2654200
A7: Inventory | B7: ='Income Statement'!B4 -> 222651 | C7: Equity | D7: =914551 -> 914551 | F7: ='Income Statement'!C4 -> 622454 | H7: 1865054 | J7: ='Income Statement'!D4 -> 1044055 | L7: 2633755
A8: Equipment | B8: 500000 | C8: Retained Earnings | D8: ='Income Statement'!B15 -> 457149 | F8: 500000 | H8: ='Income Statement'!C15 -> 1657746 | J8: 500000 | L8: ='Income Statement'!D15 -> 2381745
A10: Total Assets | B10: =SUM(B5:B9) -> 2184551 | C10: Total Liabilities | D10: =SUM(D5:D8) -> 2184551 | F10: =SUM(F5:F9) -> 5435054 | H10: =SUM(H5:H8) -> 5435054 | J10: =SUM(J5:J9) -> 8713755 | L10: =SUM(L5:L8) -> 8713755
